 Dungeon Sprint DCSS version 0.30-a0-777-ga9a30cbeda (webtiles) character file.

Game seed: 3476730739729613339

20916 Hubris850 the Sensei (level 12, -23/112 HPs)
             Began as a Merfolk Transmuter on Feb 13, 2023.
             Was the Champion of Makhleb.
             Annihilated by an orc knight
             ... wielding a +0 great sword
              (38 damage)
             ... in the Dungeon (Sprint VII: "The Pits").
             The game lasted 00:16:14 (1645 turns).

Hubris850 the Sensei (Merfolk Transmuter)           Turns: 1645, Time: 00:16:14

Health: -23/112    AC:  8    Str: 13    XL:     12   Next: 84%
Magic:  22/22      EV: 20    Int: 14    God:    Makhleb [******]
Gold:   27         SH:  0    Dex: 15    Spells: 19/24 levels left

rFire   x . .      SeeInvis .      - Unarmed
rCold   + + +      Faith    .    (shield currently unavailable)
rNeg    . . .      Spirit   .    (body armour currently unavailable)
rPois   +          Reflect  .    (helmet currently unavailable)
rElec   .          Harm     .    (cloak currently unavailable)
rCorr   .          Rampage  .    (gloves currently unavailable)
Will    .....      NoTele   +    (boots currently unavailable)
Stlth   ++++                     (no amulet)
HPRegen 0.38/turn                o - +3 ring of evasion
MPRegen 0.18/turn                p - +3 ring of evasion

@: ice-form
A: freezing attack, boosted hp, large, (nimble swimmer 2), (mertail)
a: End Transformation, Renounce Religion, Minor Destruction, Lesser Servant of
Makhleb, Major Destruction, Greater Servant of Makhleb


You were in the Dungeon.
You worshipped Makhleb.
Makhleb was exalted by your worship.
You were a creature of crystalline ice.
You visited 1 branch You collected 27 gold pieces.

Inventory:

Hand Weapons
 l - a +2 falchion of flaming
 E - the +27 heavy crossbow "Sniper" {heavy, Acc+∞ SInv}
   (You found it in the Dungeon)

   Acc+∞: It never misses its target.
   SInv:      It lets you see invisible.
 H - the +8 Vampire's Tooth (melded) {megavamp}
   (You found it in the Dungeon)
Missiles
 e - 2 throwing nets
 u - 5 boomerangs
Armour
 a - a +0 robe
 m - a +3 ring mail
 n - a +2 chain mail of willpower
 s - a +0 helmet (melded)
 t - a +0 cloak
 w - a +2 robe of fire resistance
 x - a +2 buckler (melded)
 I - a +2 cloak of poison resistance (melded)
 K - +0 steam dragon scales (melded)
Jewellery
 i - a ring of ice
 o - a +3 ring of evasion (left front paw)
 p - a +3 ring of evasion (right front paw)
 F - a +6 ring of intelligence
 G - a ring of protection from cold
 J - the ring of Fot Xuto {rElec Str+4 Int+6 Slay+3}
   (You took it off a kobold in the Dungeon)

   [ring of intelligence]

   Str:       It affects your strength (+4).
   Int:       It affects your intelligence (+6).
   Slay:      It affects your accuracy & damage with ranged weapons and melee
   (+3).
   rElec:     It insulates you from electricity.
Scrolls
 h - 2 scrolls of blinking
 j - 5 scrolls of amnesia
 k - a scroll of butterflies
 A - a scroll of fear
 C - 3 scrolls of identify
 D - 6 scrolls of enchant weapon
Potions
 b - a potion of lignification
 c - 8 potions of curing
 d - 13 potions of heal wounds
 f - 4 potions of magic
 g - 3 potions of berserk rage
 q - a potion of might
 r - a potion of haste
 v - a potion of attraction {unknown}
 z - 2 potions of resistance
 B - a potion of brilliance


   Skills:
 + Level 8.5 Fighting
 - Level 0.2 Short Blades
 - Level 0.2 Long Blades
 - Level 0.1 Axes
 - Level 0.1 Maces & Flails
 - Level 0.2(0.3) Polearms
 - Level 0.1 Staves
 - Level 0.1 Ranged Weapons
 - Level 0.1 Throwing
 + Level 10.0 Dodging
 - Level 7.4 Stealth
 + Level 8.1 Shields
 + Level 26.0 Unarmed Combat
 - Level 6.7 Spellcasting
 - Level 0.1 Conjurations
 - Level 0.1 Hexes
 - Level 0.1 Summonings
 - Level 0.1 Necromancy
 - Level 1.1 Translocations
 - Level 9.5 Transmutations
 - Level 7.6 Ice Magic
 - Level 0.1 Air Magic
 - Level 0.1 Earth Magic
 - Level 0.4 Poison Magic
 - Level 12.0 Invocations
 - Level 0.4 Evocations


You had 19 spell levels left.
You knew the following spells:

 Your Spells              Type           Power      Damage    Failure   Level
a - Beastly Appendage     Tmut           62%        N/A       1%          1
b - Ice Form              Ice/Tmut       28%        N/A       4%          4

Your spell library contained the following spells:

 Spells                   Type           Power      Damage    Failure   Level
 Wereblood                Tmut           31%        N/A       1%          2
 Spider Form              Tmut/Pois      18%        N/A       5%          3


Dungeon Overview and Level Annotations

Branches:
Dungeon (1/1)

Altars:
Ashenzari
Cheibriados
Dithmenos
Elyvilon
Fedhas
Gozag
Hepliaklqana
Kikubaaqudgha
Makhleb
Nemelex Xobeh
Okawaru
Qazlal
Ru
Sif Muna
Trog
Uskayaw
Vehumet
Wu Jian
Xom
Yredelemnul
Zin
The Shining One
Jiyva
Lugonu


Innate Abilities, Weirdness & Mutations

You are a creature of crystalline ice.
You have a powerful freezing melee attack.
Your maximum health is increased.
Your armour is entirely melded.
You are incapable of wielding weapons or throwing items.
((You are very nimble when in or above water. (Stealth+, EV+, Speed+++)))
((Your lower body shifts to a powerful aquatic tail in water.))


Message History

The orc knight wields a +0 arbalest.
The orc knight shoots a bolt.
The bolt misses you.
Your blizzard demon hits the orc knight but does no damage.
Your blizzard demon barely misses the orc knight.
The orc knight closely misses you.
The orc warlord blocks your blizzard demon's attack. x2
You see here a wyvern corpse.
The orc warlord blocks your attack.
You hit the orc warlord but do no damage.
A naga warrior comes into view. It is wielding a +0 long sword.
Your blizzard demon hits the orc warlord but does no damage.
Your blizzard demon hits the orc warlord.
You punch the orc warlord! You freeze the orc warlord.
The orc warlord is lightly wounded.
A deep elf knight comes into view. It is wielding a +0 scimitar.
The orc warlord closely misses you. The orc knight barely misses you.
The orc knight misses you. The orc warlord blocks your attack.
The orc warlord is lightly wounded.
The orc knight unwields a +0 arbalest.
The orc knight wields a +0 great sword.
The orc knight hits your blizzard demon with a +0 great sword!!
Your blizzard demon gestures at the orc warlord.
The freezing blast engulfs the orc warlord.
The naga warrior roars a battlecry!
The naga warrior goes into a battle-frenzy!
The orc warlord blocks your attack.
The orc warlord is lightly wounded.
You are engulfed in freezing vapours.
You resist.
The orc knight is engulfed in freezing vapours.
The orc knight hits you with a +0 great mace!!
The orc knight is engulfed in freezing vapours.
The orc warlord is engulfed in freezing vapours.
The orc warlord hits you with a +0 long sword!!!
* * * LOW HITPOINT WARNING * * *
The orc knight is engulfed in freezing vapours. x2
The orc warlord attacks as you move away!
The orc warlord completely misses you.
The orc knight attacks as you move away!
The orc knight hits you with a +0 great sword!!!
You die...

++###############################
......)..........................
.....)...........................
..##############o'##############.
..# #.oY2..# #† ..# #.oooo.# #†
..# #○°o☼.)# #. ..# ###ot### #.
..#


oo.e #. ††# NN... #. ..# ....# #. ..# #....# #. ..# #. You could see an
alligator snapping turtle, 2 orc warlords, 2 naga warriors, 8 orc knights, a
deep elf knight and a friendly blizzard demon (summoned).

Vanquished Creatures
  A nagaraja (D)
  Harold (D)
  A boulder beetle (D)
  A merfolk avatar (D)
  A merfolk aquamancer (D)
  3 death yaks (D)
  A vampire mage (D)
  A sun demon (D)
  2 fire crabs (D)
  A wolf spider (D)
  An elephant (D)
  A black mamba (D)
  An eye of devastation (D)
  A smoke demon (D)
  A komodo dragon (D)
  A merfolk (D)
  A hornet (D)
  A blink frog (D)
  A flying skull (D)
  3 water elementals (D)
  2 spriggans (D)
  A steam dragon (D)
  A redback (D)
  A water moccasin (D)
  A wolf (D)
  2 phantoms (D)
  2 centaurs (D)
  A bullfrog (D)
  2 scorpions (D)
  4 wights (D)
  A killer bee (D)
  A crimson imp (D)
  2 hounds (D)
  2 orc priests (D)
  An iron imp (D)
  An orc wizard (D)
  2 hell rats (D)
  A mummy (D)
  A gnoll (D)
  A river rat (D)
  A white imp (D)
  2 ufetubi (D)
  An adder skeleton (D)
  2 worms (D)
  6 orcs (D)
  A bat (D)
  An endoplasm (D)
  A goblin (D)
  A ball python simulacrum (D)
  A ball python zombie (D)
  A jackal zombie (D)
73 creatures vanquished.

Vanquished Creatures (collateral kills)
  A deep elf annihilator (D)
  A boulder beetle (D)
  A sixfirhy (D)
  A spriggan druid (D)
  A wizard (D)
  An orc knight (D)
  A deep elf zephyrmancer (D)
  A deep elf pyromancer (D)
  2 manticores (D)
  A black mamba (D)
  A smoke demon (D)
  An eye of devastation (D)
  A komodo dragon (shapeshifter) (D)
  An orange demon (D)
  Psyche (D)
  A hellwing (D)
  An ice devil (D)
  2 red devils (D)
  A tarantella (D)
  A hornet (D)
  A shadow (D)
  2 wyverns (D)
  Eustachio (D)
  A small abomination (D)
  A basilisk (D)
  A water moccasin (D)
  A swamp drake (D)
  2 killer bees (D)
  A gnoll bouda (D)
  4 gnolls (D)
  An ufetubus (D)
  2 worms (D)
  A goblin (D)
  A kobold (D)
  A quokka zombie (D)
  A rat (D)
44 creatures vanquished.

Vanquished Creatures (others)
  An adder zombie (D)
1 creature vanquished.

Grand Total: 118 creatures vanquished

Notes
Turn   | Place    | Note
-------+----------+-------------------------------------------
     0 | D        | Hubris850 the Merfolk Transmuter began the quest for the
                  | Orb.
     0 | D        | Reached XP level 1. HP: 15/15 MP: 3/3
     9 | D        | Noticed a scorpion
    12 | D        | Killed a scorpion
    13 | D        | Reached skill level 8 in Unarmed Combat
    13 | D        | Reached skill level 1 in Translocations
    13 | D        | Reached XP level 2. HP: 22/22 MP: 3/5
    13 | D        | Reached XP level 3. HP: 27/27 MP: 3/6
    13 | D        | Reached XP level 4. HP: 33/33 MP: 3/7
    59 | D        | Found a glowing golden altar of the Shining One.
    59 | D        | Found a glowing silver altar of Zin.
    59 | D        | Found a basalt altar of Yredelemnul.
    59 | D        | Found a shimmering altar of Xom.
    59 | D        | Found an ornate altar of the Wu Jian Council.
    59 | D        | Found a bloodstained altar of Trog.
    59 | D        | Found a shimmering blue altar of Sif Muna.
    59 | D        | Found a sacrificial altar of Ru.
    59 | D        | Found a stormy altar of Qazlal.
    59 | D        | Found an iron altar of Okawaru.
    59 | D        | Found a sparkling altar of Nemelex Xobeh.
    59 | D        | Found a burning altar of Makhleb.
    59 | D        | Found a viscous altar of Jiyva.
    59 | D        | Found a hazy altar of Hepliaklqana.
    59 | D        | Found an opulent altar of Gozag.
    59 | D        | Found a blossoming altar of Fedhas.
    59 | D        | Found a white marble altar of Elyvilon.
    59 | D        | Found a shadowy altar of Dithmenos.
    59 | D        | Found a snail-covered altar of Cheibriados.
    60 | D        | Found a radiant altar of Vehumet.
    60 | D        | Found a corrupted altar of Lugonu.
    61 | D        | Found a hide-covered altar of Uskayaw.
    61 | D        | Found an ancient bone altar of Kikubaaqudgha.
    61 | D        | Found a broken altar of Ashenzari.
    67 | D        | Became a worshipper of Makhleb the Destroyer
   104 | D        | Reached * piety under Makhleb
   109 | D        | Noticed a scorpion
   117 | D        | Killed a scorpion
   118 | D        | Reached XP level 5. HP: 29/38 MP: 8/8
   171 | D        | Reached ** piety under Makhleb
   178 | D        | Reached skill level 1 in Ice Magic
   276 | D        | Noticed a wolf
   291 | D        | Noticed a water moccasin
   298 | D        | Noticed a centaur
   302 | D        | Killed a wolf
   302 | D        | Reached *** piety under Makhleb
   303 | D        | Reached skill level 5 in Transmutations
   303 | D        | Reached XP level 6. HP: 20/44 MP: 8/11
   313 | D        | Reached skill level 9 in Unarmed Combat
   322 | D        | Reached skill level 10 in Unarmed Combat
   326 | D        | Killed a water moccasin
   327 | D        | Reached skill level 11 in Unarmed Combat
   328 | D        | Reached **** piety under Makhleb
   329 | D        | Reached skill level 12 in Unarmed Combat
   329 | D        | Reached XP level 7. HP: 50/50 MP: 9/12
   342 | D        | Reached skill level 13 in Unarmed Combat
   384 | D        | Learned a level 4 spell: Ice Form
   398 | D        | Reached ***** piety under Makhleb
   404 | D        | Reached skill level 1 in Invocations
   405 | D        | Noticed a blink frog
   410 | D        | Killed a blink frog
   411 | D        | Reached skill level 5 in Spellcasting
   411 | D        | Reached skill level 5 in Ice Magic
   411 | D        | Reached XP level 8. HP: 56/56 MP: 11/15
   457 | D        | Noticed a flying skull
   457 | D        | Noticed Harold
   467 | D        | Killed a flying skull
   468 | D        | Reached skill level 5 in Dodging
   477 | D        | Killed Harold
   478 | D        | Reached skill level 14 in Unarmed Combat
   478 | D        | Reached XP level 9. HP: 47/69 MP: 16/16
   654 | D        | Reached ****** piety under Makhleb
   663 | D        | Noticed a death yak
   669 | D        | Killed a death yak
   670 | D        | Reached skill level 16 in Unarmed Combat
   744 | D        | Noticed an elephant
   744 | D        | Noticed a smoke demon
   756 | D        | Killed a smoke demon
   768 | D        | Killed an elephant
   783 | D        | Noticed a nagaraja
   793 | D        | Killed a nagaraja
   794 | D        | Reached skill level 17 in Unarmed Combat
   794 | D        | Reached XP level 10. HP: 30/76 MP: 8/20
   959 | D        | Noticed a boulder beetle
   980 | D        | Killed a boulder beetle
   981 | D        | Reached skill level 18 in Unarmed Combat
   997 | D        | Noticed a deep elf zephyrmancer
  1000 | D        | Noticed a wolf spider
  1003 | D        | Noticed Psyche
  1008 | D        | Reached skill level 19 in Unarmed Combat
  1013 | D        | Killed a deep elf zephyrmancer
  1014 | D        | Killed a wolf spider
  1017 | D        | Killed Psyche
  1022 | D        | Reached skill level 10 in Invocations
  1032 | D        | Noticed a boulder beetle
  1033 | D        | Noticed a black mamba
  1036 | D        | Killed a black mamba
  1037 | D        | Reached skill level 20 in Unarmed Combat
  1037 | D        | Reached XP level 11. HP: 75/81 MP: 18/21
  1042 | D        | Killed a boulder beetle
  1172 | D        | Noticed Eustachio
  1179 | D        | Reached skill level 1 in Shields
  1181 | D        | Noticed a manticore
  1188 | D        | Killed a manticore
  1191 | D        | Killed Eustachio
  1199 | D        | Noticed a manticore
  1202 | D        | Killed a manticore
  1203 | D        | Reached skill level 5 in Shields
  1206 | D        | Reached skill level 21 in Unarmed Combat
  1249 | D        | Found the +27 heavy crossbow "Sniper" {heavy, Acc+∞ SInv}
  1250 | D        | Found the +8 Vampire's Tooth {megavamp}
  1354 | D        | Noticed a vampire mage
  1354 | D        | Noticed a wizard
  1354 | D        | Noticed a sixfirhy
  1355 | D        | Noticed a merfolk avatar
  1357 | D        | Noticed a deep elf annihilator
  1358 | D        | Killed a sixfirhy
  1358 | D        | Noticed a sun demon
  1363 | D        | Noticed a spriggan druid
  1367 | D        | Killed a deep elf annihilator
  1368 | D        | Reached skill level 22 in Unarmed Combat
  1373 | D        | Killed a vampire mage
  1381 | D        | Reached skill level 23 in Unarmed Combat
  1384 | D        | Killed a spriggan druid
  1385 | D        | Reached XP level 12. HP: 48/88 MP: 19/22
  1389 | D        | Reached skill level 24 in Unarmed Combat
  1393 | D        | Killed a merfolk avatar
  1395 | D        | Identified the ring of Fot Xuto {rElec Str+4 Int+6 Slay+3}
  1396 | D        | Killed a sun demon
  1398 | D        | Reached skill level 25 in Unarmed Combat
  1540 | D        | Noticed a merfolk aquamancer
  1549 | D        | Killed a merfolk aquamancer
  1591 | D        | Noticed a death yak
  1591 | D        | Noticed a death yak
  1596 | D        | Killed a death yak
  1603 | D        | Killed a death yak
  1631 | D        | Noticed an orc warlord
  1631 | D        | Noticed an orc warlord
  1635 | D        | Noticed an alligator snapping turtle
  1637 | D        | Noticed a naga warrior
  1638 | D        | Reached skill level 10 in Dodging
  1638 | D        | Reached skill level 26 in Unarmed Combat
  1641 | D        | Noticed a naga warrior
  1642 | D        | Noticed a deep elf knight
  1645 | D        | Annihilated by an orc knight

Illustrated notes

Levels and vault maps discovered:
D:        pitsprint [storerooms_1, entrance_room_1, metal_vault_6, armoury_1,
          mini_pit_1, grid_room_1, main_hall_1, silver_pit, the_coven_1,
          the_vestibule_1, steel_vault_1, golden_pit, hallway_of_sentries,
          crystal_vault_1, iron_vault_3, final_vault]

Skill      XL: |  1  2  3  4  5  6  7  8  9 10 11 12 |
---------------+-------------------------------------+-----
Fighting       | 2 6 8 |  8.5
Dodging        | 3 7 10 | 10.0
Unarmed Combat | 8 12 13 14 17 20 23 26 | 26.0
Translocations | 1 |  1.1
Stealth        | 7 |  7.4
Transmutations | 5 7 9 |  9.5
Ice Magic      | 3 5 7 |  7.6
Spellcasting   | 3 5 6 |  6.7
Invocations    | 3 6 8 10 12 | 12.0
Shields        | 6 8 |  8.1
Short Blades   | |  0.2
Long Blades    | |  0.2
Axes           | |  0.1
Maces & Flails | |  0.1
Polearms       | |  0.2
Staves         | |  0.1
Ranged Weapons | |  0.1
Throwing       | |  0.1
Conjurations   | |  0.1
Hexes          | |  0.1
Summonings     | |  0.1
Necromancy     | |  0.1
Air Magic      | |  0.1
Earth Magic    | |  0.1
Poison Magic   | |  0.4
Evocations     | |  0.4

Action                     |  1- 3 |  4- 6 |  7- 9 | 10-12 || total
---------------------------+-------+-------+-------+-------++-------
  Melee: Unarmed           |     2 |    63 |    72 |   112 ||   249
         Headbutt          |     1 |     4 |       |       ||     5
         Punch             |       |     1 |       |       ||     1
         Quick blade       |       |       |       |     7 ||     7
   Cast: Beastly Appendage |     1 |     4 |       |       ||     5
         Ice Form          |       |       |     5 |     6 ||    11
 Invoke: Greater Servant o |       |       |       |     8 ||     8
Ability: End Transformatio |       |       |     2 |     1 ||     3
    Use: Potion            |     1 |     4 |       |     6 ||    11
         Scroll            |       |       |       |     2 ||     2
   Stab: Sleeping          |       |     1 |     2 |     4 ||     7
         Invisible         |       |       |     4 |     5 ||     9
         Distracted        |       |       |       |     1 ||     1
 Armour: Robe              |       |     6 |       |     1 ||     7
         Skin              |       |       |     9 |     9 ||    18
  Dodge: Dodged            |       |    37 |    32 |    68 ||   137
  Block: Buckler           |       |       |       |     5 ||     5

Table legend: (Time is in decaauts)
 A = Elapsed time spent in this place.
 B = Non-inter-level travel time spent in this place.
 C = Inter-level travel time spent in this place.
 D = Time resting spent in this place.
 E = Time spent auto-exploring this place.
 F = Levels seen in this place.
 G = Mean time per level.
                   A        B        C        D        E       F      G
               +--------+--------+--------+--------+--------+-----+--------+
         Total |   1576 |   1576 |      0 |    535 |      0 |   1 | 1576.0 |
       Dungeon |   1576 |   1576 |      0 |    535 |      0 |   1 | 1576.0 |
               +--------+--------+--------+--------+--------+-----+--------+

Top non-repeatable levels by time:
       D: 1576 daAuts
